PBL
MIAMI MARLINS @ COLORADO ROCKIES
08/27/2070
 
TOP OF THE 1ST
Miami Marlins batting - Pitching for Colorado Rockies : RHP Javier Ávila
Pitching: RHP Javier Ávila
Batting: LHB Javier Gonzáles 0-0: Called Strike
0-1: Ground out 4-3 (Groundball, 4, EV 88.1 MPH)
Batting: LHB Zak Tyack 0-0: Ground out 4-3 (Groundball, 4S, EV 91.9 MPH)
Batting: LHB Ray Turner 0-0: Called Strike
0-1: Foul Ball, location: 5SF
0-2: Ground out 4-3 (Groundball, 4, EV 108.8 MPH)
Top of the 1st over - 0 runs, 0 hits, 0 errors, 0 left on base; Miami 0 - Colorado 0
BOTTOM OF THE 1ST
Colorado Rockies batting - Pitching for Miami Marlins : RHP Ray Turner
Pitching: RHP Ray Turner
Batting: RHB Patrick Hammond 0-0: Called Strike
0-1: Called Strike
0-2: Strikes out looking
Batting: RHB Ryan Russell 0-0: Called Strike
0-1: SINGLE (Groundball, 4MD, EV 108.8 MPH)
Batting: RHB Chip Smith 0-0: Called Strike
0-1: Ground out U3 (Groundball, 3S, EV 66.3 MPH)
Ryan Russell to second
Batting: LHB Dave Baker 0-0: Ball
1-0: Called Strike
1-1: Called Strike
1-2: Ball
2-2: 2-RUN HOME RUN (Flyball, 9LD, EV 95.6 MPH), Distance : 368 ft
Batting: RHB Clyde Walmsley 0-0: Foul Ball, location: 7LMF
0-1: Ball
1-1: Fly out, F9 (Flyball, 9S, EV 76.9 MPH)
Bottom of the 1st over - 2 runs, 2 hits, 0 errors, 0 left on base; Miami 0 - Colorado 2
TOP OF THE 2ND
Miami Marlins batting - Pitching for Colorado Rockies : RHP Javier Ávila
Batting: LHB Paul King 0-0: Called Strike
0-1: Ball
1-1: SINGLE (Groundball, 4D, EV 95.0 MPH)
Batting: RHB Germán Méndez 0-0: Ball
1-0: Foul Ball, location: 7LSFF
1-1: Foul Ball, location: 9LMF
1-2: Foul Ball, location: 3FF
1-2: Ball
2-2: Ball
3-2: Foul Ball, location: 3DF
3-2: Ground out 4-3 (Groundball, 4, EV 81.3 MPH)
Paul King to second
Batting: LHB José Romero 0-0: Foul Ball, location: 2F
0-1: Ball
1-1: Ground out U3 (Groundball, 3, EV 91.9 MPH)
Paul King to third
Batting: RHB Chuck Ellis 0-0: Called Strike
0-1: Called Strike
0-2: Ball
1-2: Hit by Pitch
Batting: SHB Juan Rojas 0-0: Foul Ball, location: 7LSF
0-1: Ball
1-1: Ball
2-1: Called Strike
2-2: Fly out, F9 (Flyball, 9LS, EV 88.8 MPH)
Top of the 2nd over - 0 runs, 1 hit, 0 errors, 2 left on base; Miami 0 - Colorado 2
BOTTOM OF THE 2ND
Colorado Rockies batting - Pitching for Miami Marlins : RHP Ray Turner
Batting: SHB Steve Howard 0-0: Swinging Strike
0-1: Swinging Strike
0-2: Strikes out swinging
Batting: LHB Kokei Kobayashi 0-0: Called Strike
0-1: Ball
1-1: SINGLE (Line Drive, 78S, EV 95.6 MPH)
Batting: SHB William Pearson 0-0: Called Strike
0-1: Called Strike
0-2: Fly out, F3 (Popup, 34S, EV 80.0 MPH)
Batting: RHB José Ramírez 0-0: Foul Ball, location: 3DF
0-1: Ball
1-1: Foul Ball, location: 2F
1-2: Foul Ball, location: 9LSF
1-2: Fly out, F7 (Flyball, 7S, EV 96.9 MPH)
Bottom of the 2nd over - 0 runs, 1 hit, 0 errors, 1 left on base; Miami 0 - Colorado 2
TOP OF THE 3RD
Miami Marlins batting - Pitching for Colorado Rockies : RHP Javier Ávila
Batting: RHB Ov Jones 0-0: Foul Ball, location: 5F
0-1: Ball
1-1: Fly out, F7 (Flyball, 78M, EV 93.1 MPH)
Batting: LHB Javier Gonzáles 0-0: Foul Ball, location: 2F
0-1: Swinging Strike
0-2: Ground out U3 (Groundball, 3, EV 80.0 MPH)
Batting: LHB Zak Tyack 0-0: Ball
1-0: Swinging Strike
1-1: DOUBLE (Line Drive, 89D, EV 105.0 MPH)
Batting: LHB Ray Turner 0-0: Ground out 1-3 (Groundball, 13S, EV 66.9 MPH)
Top of the 3rd over - 0 runs, 1 hit, 0 errors, 1 left on base; Miami 0 - Colorado 2
BOTTOM OF THE 3RD
Colorado Rockies batting - Pitching for Miami Marlins : RHP Ray Turner
Batting: RHB Patrick Hammond 0-0: Called Strike
0-1: Fly out, F8 (Flyball, 8RM, EV 91.9 MPH)
Batting: RHB Ryan Russell 0-0: Ball
1-0: Foul Ball, location: 3FF
1-1: Ball
2-1: Ground out 5-3 (Groundball, 56, EV 96.9 MPH)
Batting: RHB Chip Smith 0-0: Ball
1-0: Foul Ball, location: 2F
1-1: Called Strike
1-2: Ball
2-2: DOUBLE (Flyball, 8RXD, EV 108.1 MPH)
Batting: LHB Dave Baker 0-0: Ball
1-0: Ball
2-0: Ball
3-0: Base on Balls
Batting: RHB Clyde Walmsley 0-0: Foul Ball, location: 5FF
0-1: Foul Ball, location: 9LDF
0-2: Ball
1-2: Strikes out swinging
Bottom of the 3rd over - 0 runs, 1 hit, 0 errors, 2 left on base; Miami 0 - Colorado 2
TOP OF THE 4TH
Miami Marlins batting - Pitching for Colorado Rockies : RHP Javier Ávila
Batting: LHB Paul King 0-0: Ball
1-0: Ball
2-0: Ground out U3 (Groundball, 34, EV 100.6 MPH)
Batting: RHB Germán Méndez 0-0: Ball
1-0: Called Strike
1-1: Swinging Strike
1-2: Foul Ball, location: 2F
1-2: Foul Ball, location: 2F
1-2: Ball
2-2: Foul Ball, location: 7LDF
2-2: Foul Ball, location: 9LSF
2-2: Ball
3-2: Strikes out swinging, 2-3 out at first.
Batting: LHB José Romero 0-0: Ground out 4-3 (Groundball, 34D, EV 88.1 MPH)
Top of the 4th over - 0 runs, 0 hits, 0 errors, 0 left on base; Miami 0 - Colorado 2
BOTTOM OF THE 4TH
Colorado Rockies batting - Pitching for Miami Marlins : RHP Ray Turner
Batting: SHB Steve Howard 0-0: DOUBLE (Line Drive, 89D, EV 110.0 MPH)
Batting: LHB Kokei Kobayashi 0-0: Swinging Strike
0-1: Ball
1-1: Ball
2-1: Ball
3-1: Foul Ball, location: 25F
3-2: DOUBLE (Line Drive, 9LS, EV 91.9 MPH)
Steve Howard scores
Batting: SHB William Pearson 0-0: Ball
1-0: Foul Ball, location: 25F
1-1: Ball
2-1: Swinging Strike
2-2: Foul Ball, location: 9LMF
2-2: Ball
3-2: 2-RUN HOME RUN (Flyball, 78XD, EV 99.4 MPH), Distance : 409 ft
Pitching: RHP Travis Davis
Batting: RHB José Ramírez 0-0: Called Strike
0-1: Called Strike
0-2: Ball
1-2: Ground out 5-3 (Groundball, 56S, EV 92.5 MPH)
Batting: RHB Patrick Hammond 0-0: Ball
1-0: Called Strike
1-1: Foul Ball, location: 9LSF
1-2: Foul Ball, location: 3F
1-2: Foul Ball, location: 9LMF
1-2: Ball
2-2: Ball
3-2: Strikes out swinging
Batting: RHB Ryan Russell 0-0: Ball
1-0: Ground out 4-3 (Groundball, 34, EV 88.1 MPH)
Bottom of the 4th over - 3 runs, 3 hits, 0 errors, 0 left on base; Miami 0 - Colorado 5
TOP OF THE 5TH
Miami Marlins batting - Pitching for Colorado Rockies : RHP Javier Ávila
Batting: RHB Chuck Ellis 0-0: Ball
1-0: Called Strike
1-1: Ball
2-1: SINGLE (Groundball, 4MD, EV 105.0 MPH)
Batting: SHB Juan Rojas 0-0: Ball
1-0: Called Strike
1-1: Swinging Strike
1-2: Grounds into double play, 6-4-3 (Groundball, 6, EV 104.4 MPH)
Batting: RHB Ov Jones 0-0: Called Strike
0-1: Ground out 5-3 (Groundball, 56, EV 98.1 MPH)
Top of the 5th over - 0 runs, 1 hit, 0 errors, 0 left on base; Miami 0 - Colorado 5
BOTTOM OF THE 5TH
Colorado Rockies batting - Pitching for Miami Marlins : RHP Travis Davis
Batting: RHB Chip Smith 0-0: Foul Ball, location: 5FF
0-1: Ball
1-1: Fly out, F8 (Flyball, 8LS, EV 93.1 MPH)
Batting: LHB Dave Baker 0-0: Ball
1-0: Ground out U3 (Groundball, 3, EV 87.5 MPH)
Batting: RHB Clyde Walmsley 0-0: Ball
1-0: Ball
2-0: Fly out, F9 (Flyball, 9, EV 84.4 MPH)
Bottom of the 5th over - 0 runs, 0 hits, 0 errors, 0 left on base; Miami 0 - Colorado 5
TOP OF THE 6TH
Miami Marlins batting - Pitching for Colorado Rockies : RHP Javier Ávila
Batting: LHB Javier Gonzáles 0-0: Ball
1-0: Ground out 4-3 (Groundball, 4, EV 100.6 MPH)
Batting: LHB Zak Tyack 0-0: Called Strike
0-1: Ground out U3 (Groundball, 34S, EV 78.8 MPH)
Batting: LHB Ray Turner 0-0: SINGLE (Line Drive, 4MD, EV 95.6 MPH)
Batting: LHB Paul King 0-0: Called Strike
0-1: Ball
1-1: Swinging Strike
1-2: Strikes out swinging
Top of the 6th over - 0 runs, 1 hit, 0 errors, 1 left on base; Miami 0 - Colorado 5
BOTTOM OF THE 6TH
Colorado Rockies batting - Pitching for Miami Marlins : RHP Travis Davis
Batting: SHB Steve Howard 0-0: Called Strike
0-1: Foul Ball, location: 2F
0-2: Ball
1-2: Strikes out swinging
Pitching: LHP Drew Griggs
Batting: LHB Kokei Kobayashi 0-0: Ball
1-0: Ball
2-0: SINGLE (Line Drive, 89S, EV 93.1 MPH)
Batting: SHB William Pearson 0-0: Called Strike
0-1: Called Strike
0-2: Fly out, F8 (Flyball, 8LM, EV 93.1 MPH)
Batting: RHB José Ramírez 0-0: Ball
1-0: Swinging Strike
1-1: Called Strike
1-2: Strikes out swinging
Bottom of the 6th over - 0 runs, 1 hit, 0 errors, 1 left on base; Miami 0 - Colorado 5
TOP OF THE 7TH
Miami Marlins batting - Pitching for Colorado Rockies : RHP Javier Ávila
Batting: RHB Germán Méndez 0-0: Called Strike
0-1: Ground out 5-3 (Groundball, 5, EV 102.5 MPH)
Batting: LHB José Romero 0-0: Ball
1-0: Swinging Strike
1-1: Swinging Strike
1-2: Strikes out looking
Batting: RHB Chuck Ellis 0-0: Called Strike
0-1: Foul Ball, location: 2F
0-2: Ball
1-2: SINGLE (Flyball, 5D, EV 97.5 MPH)
Batting: SHB Juan Rojas 0-0: Ball
1-0: Foul Ball, location: 3SF
1-1: Fly out, F8 (Flyball, 8LD, EV 86.9 MPH)
Top of the 7th over - 0 runs, 1 hit, 0 errors, 1 left on base; Miami 0 - Colorado 5
BOTTOM OF THE 7TH
Colorado Rockies batting - Pitching for Miami Marlins : LHP Drew Griggs
Batting: RHB Patrick Hammond 0-0: Called Strike
0-1: Ball
1-1: Called Strike
1-2: Ball
2-2: Foul Ball, location: 2F
2-2: Foul Ball, location: 2F
2-2: Foul Ball, location: 2F
2-2: Strikes out swinging
Batting: RHB Ryan Russell 0-0: Ball
1-0: Ball
2-0: Called Strike
2-1: SINGLE (Line Drive, 56D, EV 109.4 MPH)
Batting: RHB Chip Smith 0-0: Grounds into double play, 6-4-3 (Groundball, 6, EV 83.1 MPH)
Bottom of the 7th over - 0 runs, 1 hit, 0 errors, 0 left on base; Miami 0 - Colorado 5
TOP OF THE 8TH
Miami Marlins batting - Pitching for Colorado Rockies : RHP Javier Ávila
Batting: RHB Ov Jones 0-0: Called Strike
0-1: Ground out 5-3 (Groundball, 56S, EV 91.9 MPH)
Batting: LHB Javier Gonzáles 0-0: Called Strike
0-1: Foul Ball, location: 2F
0-2: Ball
1-2: Ball
2-2: Ball
3-2: Foul Ball, location: 3F
3-2: Ground out U3 (Groundball, 3L, EV 78.1 MPH)
Batting: LHB Zak Tyack 0-0: Ball
1-0: Called Strike
1-1: Ground out 5-3 (Groundball, 56S, EV 86.9 MPH)
Top of the 8th over - 0 runs, 0 hits, 0 errors, 0 left on base; Miami 0 - Colorado 5
BOTTOM OF THE 8TH
Colorado Rockies batting - Pitching for Miami Marlins : LHP Drew Griggs
Batting: LHB Dave Baker 0-0: Ball
1-0: Fly out, F8 (Flyball, 8RD, EV 82.5 MPH)
Batting: RHB Clyde Walmsley 0-0: Swinging Strike
0-1: Called Strike
0-2: Ball
1-2: Ball
2-2: Ball
3-2: Base on Balls
Batting: SHB Steve Howard 0-0: Called Strike
0-1: Grounds into double play, 5-4-3 (Groundball, 56, EV 82.5 MPH)
Bottom of the 8th over - 0 runs, 0 hits, 0 errors, 0 left on base; Miami 0 - Colorado 5
TOP OF THE 9TH
Miami Marlins batting - Pitching for Colorado Rockies : RHP Javier Ávila
Batting: LHB Ray Turner 0-0: Swinging Strike
0-1: Ball
1-1: Swinging Strike
1-2: Foul Ball, location: 5F
1-2: Strikes out swinging
Pitching: RHP Paulus van Emden
Batting: LHB Paul King 0-0: Called Strike
0-1: Ball
1-1: Ball
2-1: Foul Ball, location: 7LSF
2-2: Ground out U3 (Groundball, 34D, EV 103.1 MPH)
Batting: RHB Germán Méndez 0-0: Called Strike
0-1: Ball
1-1: Ball
2-1: Called Strike
2-2: Ground out 6-3 (Groundball, 6, EV 103.8 MPH)
Top of the 9th over - 0 runs, 0 hits, 0 errors, 0 left on base; Miami 0 - Colorado 5
Wednesday, February 14th , 2024 - OOTP Baseball 24.10 Build 82